 Dungeon Crawl Stone Soup version 0.29.1-15-g9cfb28693d (webtiles) character file.

Game seed: 270923548032849295

99516 Calibrex the Brawler (level 15, -1/158 HPs)
             Began as a Troll Fighter on Mar 25, 2023.
             Was an Elder of Wu Jian.
             Slain by a meliai
             ... wielding a +0 hand axe
              (12 damage)
             ... on level 15 of the Dungeon.
             The game lasted 02:05:44 (19823 turns).

Calibrex the Brawler (Troll Fighter)               Turns: 19823, Time: 02:05:45

Health: -1/158     AC: 14    Str: 28      XL:     15   Next: 77%
Magic:  14/14      EV: 10    Int:  9 (10) God:    Wu Jian [****..]
Gold:   1192       SH: 16    Dex:  8 (9)  Spells: 14/14 levels left

rFire   . . .      SeeInvis .     - Unarmed
rCold   . . .      Faith    .   b - +0 kite shield
rNeg    . . .      Spirit   .   C - +2 robe {Will+}
rPois   +          Reflect  +   Q - +1 hat {Stlth+}
rElec   .          Harm     .   S - +2 cloak {rPois}
rCorr   .          Rampage  .   (gloves unavailable)
Will    ++...                   (boots unavailable)
Stlth   +.........              f - amulet of reflection
HPRegen 1.16/turn               D - ring of flight
MPRegen 0.14/turn               i - +4 ring of protection

@: exhausted, silenced, flying, hasted, studying Shields, unable to read, very
quick
A: large, unfitting armour, claws 3, regeneration 1, shaggy fur 1, tough skin 1,
deterioration 1, inability to read after injury 1
a: Renounce Religion, Wall Jump


You were on level 15 of the Dungeon.
You worshipped Wu Jian.
Wu Jian was greatly pleased with you.
You visited 4 branches of the dungeon, and saw 23 of its levels.
You also visited: Ossuary and Ice Cave.

You collected 2105 gold pieces.
You spent 913 gold pieces at shops.

Inventory:

Hand Weapons
 t - the +7 sling of Cheibriados, Keeping {vorpal, rF+ rN+}
   (You found it on level 3 of the Dungeon)

   Any ammunition fired from it inflicts extra damage upon your enemies.
   rF:        It protects you from fire.
   rN:        It protects you from negative energy.
Missiles
 a - 8 javelins
 j - 67 poisoned darts
 o - 12 boomerangs
 T - 2 throwing nets (quivered)
 Y - 3 atropa-tipped darts
Armour
 b - a +0 kite shield (worn)
 C - a +2 robe of willpower (worn)
 K - a +0 troll leather armour
 Q - a +1 hat of stealth (worn)
 S - a +2 cloak of poison resistance (worn)
Magical Staves
 P - a staff of earth
Jewellery
 c - a +6 ring of dexterity
 f - an amulet of reflection (around neck)
 h - a ring of protection from cold
 i - a +4 ring of protection (right claw)
 k - a +4 ring of evasion
 s - a ring of protection from fire
 D - a ring of flight (left claw)
 J - a ring of resist corrosion
 Z - a ring of positive energy
Wands
 p - a wand of acid (13)
 y - a wand of mindburst (20)
 E - a wand of digging (10)
 G - a wand of flame (40)
 L - a wand of charming (23)
 U - a wand of polymorph (7)
 X - a wand of roots (10)
Scrolls
 e - 2 scrolls of poison
 l - 2 scrolls of magic mapping
 m - 3 scrolls of butterflies
 q - 5 scrolls of teleportation
 r - a scroll of blinking
 M - a scroll of fear
 R - a scroll of torment
 W - 2 scrolls of summoning
Potions
 d - 2 potions of heal wounds
 g - 7 potions of haste
 n - 2 potions of magic
 u - 4 potions of ambrosia
 w - 9 potions of curing
 z - 8 potions of brilliance
 A - 4 potions of might
 B - 4 potions of resistance
 F - 2 potions of flight
 H - 4 potions of berserk rage
 N - 2 potions of cancellation
 O - 2 potions of invisibility
 V - 2 potions of lignification {unknown}
Miscellaneous
 v - a box of beasts
 I - a condenser vane


   Skills:
 + Level 12.3 Fighting
 + Level 7.8 Dodging
 - Level 13.3 Shields
 * Level 19.7 Unarmed Combat


You had 14 spell levels left.
You didn't know any spells.
Your spell library contained the following spells:

 Spells                   Type           Power      Damage    Failure   Level
 Necrotise                Necr           0%         1d4       54%         1
 Sandblast                Erth           0%         2d4       54%         1
 Shock                    Conj/Air       0%         1d3       54%         1
 Sting                    Tmut/Pois      0%         1d3       54%         1
 Summon Small Mammal      Summ           0%         N/A       54%         1
 Blink                    Tloc           0%         N/A       69%         2
 Passwall                 Tmut/Erth      0%         N/A       69%         2
 Poisonous Vapours        Pois/Air       0%         N/A       69%         2
 Gell's Gravitas          Tloc           0%         N/A       89%         3
 Lesser Beckoning         Tloc           0%         N/A       89%         3
 Ozocubu's Armour         Ice            0%         N/A       89%         3
 Spider Form              Tmut/Pois      0%         N/A       89%         3
 Stone Arrow              Conj/Erth      0%         3d7       89%         3
 Summon Guardian Golem    Hex/Summ       0%         N/A       89%         3
 Swiftness                Air            0%         N/A       89%         3
 Teleport Other           Tloc           0%         N/A       89%         3
 Vampiric Draining        Necr           0%         2d6       89%         3
 Airstrike                Air            0%         2d(0-16)  100%        4
 Anguish                  Hex/Necr       0%         N/A       100%        4
 Olgreb's Toxic Radiance  Pois           0%         N/A       100%        4
 Summon Ice Beast         Ice/Summ       0%         N/A       100%        4
 Agony                    Necr           0%         N/A       100%        5
 Fireball                 Conj/Fire      0%         3d3       100%        5
 Iskenderun's Battlesphe  Conj           0%         2d6       100%        5
 Manifold Assault         Tloc           0%         N/A       100%        5
 Summon Mana Viper        Hex/Summ       0%         N/A       100%        5
 Conjure Ball Lightning   Conj/Air       0%         3x3d6     100%        6
 Enfeeble                 Hex            0%         N/A       100%        7
 Haunt                    Necr/Summ      0%         N/A       100%        7
 Monstrous Menagerie      Summ           0%         N/A       100%        7
 Orb of Destruction       Conj           0%         9d5       100%        7
 Ozocubu's Refrigeration  Ice            0%         4d7       100%        7
 Spellforged Servitor     Conj/Summ      0%         N/A       100%        7
 Storm Form               Tmut/Air       0%         N/A       100%        7


Dungeon Overview and Level Annotations

Branches:
Dungeon (15/15)            Temple (1/1) D:4            Lair (5/5) D:9
 Shoals (0/4) Lair:3        Snake (0/4) Lair:2        Slime (0/5) Lair:5
    Orc (2/2) D:11            Elf (0/3) Orc:2        Vaults (0/5) D:13
Ossuary (visited)           IceCv (visited)
 Depths: D:15

Altars:
Ashenzari
Cheibriados
Dithmenos
Elyvilon
Fedhas
Gozag
Hepliaklqana
Kikubaaqudgha
Makhleb
Nemelex Xobeh
Okawaru
Qazlal
Ru
Sif Muna
Trog
Uskayaw
Vehumet
Wu Jian
Xom
Yredelemnul
Zin
The Shining One
Jiyva

Shops:
D:1 :[   Orc:2 ?[?:*


Innate Abilities, Weirdness & Mutations

You are too large for most types of armour.
You have claws for hands.
Your natural rate of healing is unusually fast.
You are covered in fur. (AC +1)
You have tough skin. (AC +1)
Your body sometimes deteriorates upon taking damage.
You occasionally lose the ability to read scrolls when taking damage.


Message History

You block the meliai's attack. x2; The meliai barely misses you.
The meliai closely misses you. You block the meliai's attack.
The meliai misses you. You block the meliai's attack.
The meliai closely misses you. The meliai hits you but does no damage.
The meliai closely misses you.
You feel yourself speed up.
You feel very sick.
You block the meliai's attack. x2; The meliai hits you with a +0 hand axe.
The meliai stings you. The meliai hits you with a +0 hand axe.
* * * LOW HITPOINT WARNING * * *
The meliai stings you.
* * * LOW HITPOINT WARNING * * *
The boulder beetle hits you!!
You feel threatened and lose the ability to read scrolls!
* * * LOW HITPOINT WARNING * * *
Your body deteriorates!
You feel dopey.
The boulder beetle stops rolling and uncurls.
The meliai closely misses you. The meliai stings you!
* * * LOW HITPOINT WARNING * * *
The meliai hits you but does no damage. The meliai closely misses you.
You block the meliai's attack. x2
Okay, then.
Aiming: Dig
Press: ? - help, Shift-Dir - straight line, f - meliai
Aim: a meliai, wielding a +0 hand axe and wearing a +0 robe (silenced, moderately wounded, 100% to hit)
Okay, then.
You feel better. You block the meliai's attack. The meliai stings you.
* * * LOW HITPOINT WARNING * * *
You block the meliai's attack. The meliai stings you.
* * * LOW HITPOINT WARNING * * *
The meliai hits you with a +0 hand axe.
* * * LOW HITPOINT WARNING * * *
You block the meliai's attack.
The boulder beetle leaps!
You spin and attack the meliai repeatedly.
You claw the meliai!
The meliai is almost dead.
You scratch the meliai.
The meliai is almost dead.
The meliai hits you with a +0 hand axe!
You die...

###..#.#.# ....#.#.#
.....#.# #....#.#
#...##.###. #..........
.......#.##.####
########yyy....#
#@##.##.# #.##.##.##
#........###
#..........#
#########B..##...#.#
............##...#.#
############...##..##.#
#.....................#
############..##.######


You could see a boulder beetle and 3 meliai.

Vanquished Creatures
  Gastronok (D:9)
  Kirke (D:13)
  A reaper (IceCv)
  9 hydras
  A boulder beetle (D:15)
  A merfolk avatar (Lair:5)
  4 two-headed ogres
  4 centaur warriors
  3 ogre magi (Orc:2)
  11 death yaks
  Erica (D:8)
  2 tengu warriors
  Nergalle (Orc:2)
  Urug (Orc:1)
  Amaemon (Lair:3)
  2 sea snakes (Lair:5)
  A skeletal warrior (D:13)
  4 orc knights
  Pikel (D:6)
  6 orc sorcerers (Orc:2)
  3 deep elf pyromancers
  2 lindwurms (Lair:5)
  5 manticores
  10 cyclopes
  12 ugly things
  A black mamba (Lair:3)
  21 elephants
  An orange demon (Lair:3)
  2 centaur skeletons (D:13)
  2 ice statues (IceCv)
  2 gargoyles (D:11)
  9 cane toads
  A kobold demonologist (D:11)
  18 komodo dragons
  A komodo dragon (shapeshifter) (D:13)
  3 unseen horrors
  3 rime drakes
  3 yaktaurs (D:13)
  5 ice devils (IceCv)
  3 anaconda simulacra (IceCv)
  2 tengu conjurers
  3 polar bears (Lair:5)
  3 trolls
  Grinder (D:6)
  2 wind drakes (Lair:5)
  A hornet (D:9)
  Prince Ribbit (D:8)
  A tyrant leech (D:14)
  10 blink frogs (Lair:4)
  12 slime creatures
  4 dream sheep
  Eustachio (D:6)
  A wraith (D:9)
  A hog (D:13)
  A shadow (D:10)
  50 yaks
  5 wyverns
  3 dire elephant simulacra (IceCv)
  4 basilisks
  6 steam dragons
  10 vampire mosquitoes
  6 wargs
  Menkaure (D:7)
  2 death yak simulacra (IceCv)
  2 harpy simulacra (IceCv)
  2 swamp worms (D:14)
  3 nagas (Lair:2)
  2 acid dragons
  2 hydra simulacra (IceCv)
  7 water moccasins
  Duvessa (D:5)
  23 orc warriors
  A black bear (D:5)
  3 ice beasts
  A sky beast (D:7)
  10 ogres
  A boggart (D:13)
  14 centaurs
  2 phantoms
  4 kobold brigands
  15 bullfrogs
  A two-headed ogre simulacrum (D:12)
  4 gnoll sergeants
  4 necrophages
  2 scorpions
  3 cane toad simulacra
  19 wights
  Dowan (D:5)
  16 killer bees
  6 howler monkeys
  An electric eel (Lair:4)
  3 hounds
  A centaur zombie (Ossuary)
  23 orc priests
  A human zombie (Ossuary)
  A gnoll bouda (D:4)
  4 jellies (D:8)
  Ijyb (D:5)
  7 iguanas
  41 orc wizards
  2 wolf simulacra
  A troll simulacrum (D:12)
  2 boggart skeletons (D:13)
  2 spriggan simulacra (D:12)
  4 mummies (Ossuary)
  17 gnolls
  11 adders
  2 naga simulacra
  A shadow imp (D:7)
  4 white imps
  2 ufetubi
  2 worms
  5 dart slugs
  98 orcs
  3 endoplasms
  7 giant cockroaches
  6 hobgoblins
  4 jackals (D:5)
  2 quokkas
  11 ball pythons
  6 bats
  4 frilled lizards
  6 goblins
  2 hobgoblin zombies (Ossuary)
  9 kobolds
  2 kobold zombies (Ossuary)
  2 orc zombies (Ossuary)
  5 rats
748 creatures vanquished.

Vanquished Creatures (others)
  Nessos (Lair:3)
  A yaktaur (D:13)
  2 humans (D:13)
  A centaur (D:13)
  2 orc wizards (Orc:2)
  3 kobolds
  A bush (Lair:5)
  20 fungi
  89 plants
120 creatures vanquished.

Grand Total: 868 creatures vanquished

Notes
Turn   | Place    | Note
-------+----------+-------------------------------------------
     0 | D:1      | Calibrex the Troll Fighter began the quest for the Orb.
     0 | D:1      | Reached XP level 1. HP: 22/22 MP: 0/0
   205 | D:1      | Reached XP level 2. HP: 29/29 MP: 1/1
   336 | D:1      | Found Dakaacw's Book Shoppe.
   344 | D:1      | Found Xorotz's Antique Armour Boutique.
   593 | D:1      | Found a faded altar of an unknown god.
   726 | D:2      | Reached skill level 3 in Unarmed Combat
   726 | D:2      | Reached XP level 3. HP: 24/36 MP: 2/2
  1409 | D:3      | Reached XP level 4. HP: 42/44 MP: 3/3
  1517 | D:3      | Found an iron altar of Okawaru.
  1534 | D:3      | Identified the +7 sling of Cheibriados, Keeping {vorpal,
                  | rF+ rN+}
  1898 | D:4      | Found a shimmering altar of Xom.
  1940 | D:4      | Noticed an ice beast
  1956 | D:4      | Killed an ice beast
  1957 | D:4      | Reached skill level 4 in Unarmed Combat
  1957 | D:4      | Reached XP level 5. HP: 40/53 MP: 4/4
  1976 | D:4      | Found a staircase to the Ecumenical Temple.
  1985 | Temple   | Entered the Ecumenical Temple
  2049 | D:4      | Reached XP level 6. HP: 41/61 MP: 5/5
  2199 | D:4      | Reached skill level 5 in Unarmed Combat
  2706 | D:5      | Entered Level 5 of the Dungeon
  2723 | D:5      | Reached XP level 7. HP: 68/68 MP: 6/6
  2791 | D:5      | Reached skill level 6 in Unarmed Combat
  2912 | D:5      | Noticed Ijyb
  2933 | D:5      | Killed Ijyb
  2934 | D:5      | Reached skill level 5 in Shields
  2934 | D:5      | Reached XP level 8. HP: 71/79 MP: 7/7
  2958 | D:5      | Reached skill level 7 in Unarmed Combat
  2998 | D:5      | Found a bloodstained altar of Trog.
  3075 | D:5      | Reached skill level 5 in Fighting
  3075 | D:5      | Reached skill level 8 in Unarmed Combat
  3196 | D:5      | Noticed Dowan
  3197 | D:5      | Noticed Duvessa
  3204 | D:5      | Killed Dowan
  3214 | D:5      | Killed Duvessa
  3397 | D:6      | Noticed Pikel
  3407 | D:6      | Killed Pikel
  3408 | D:6      | Reached XP level 9. HP: 76/88 MP: 8/8
  3425 | D:6      | Reached skill level 9 in Unarmed Combat
  3677 | D:6      | Found a blossoming altar of Fedhas.
  3918 | D:6      | Noticed Eustachio
  3960 | D:6      | Killed Eustachio
  4077 | D:6      | Noticed Grinder
  4084 | D:6      | Paralysed by Grinder for 3 turns
  4087 | D:6      | Killed Grinder
  4088 | D:6      | Reached skill level 10 in Unarmed Combat
  4704 | D:7      | Noticed Menkaure
  4714 | D:7      | Killed Menkaure
  4723 | D:7      | Reached XP level 10. HP: 88/100 MP: 9/9
  4977 | D:7      | Reached skill level 11 in Unarmed Combat
  5468 | D:8      | Found a viscous altar of Jiyva.
  5469 | D:8      | Noticed Erica
  5470 | D:8      | Found a sand-covered staircase.
  5479 | Ossuary  | Entered an ossuary
  5799 | D:8      | Killed Erica
  6060 | D:8      | Reached skill level 12 in Unarmed Combat
  6224 | D:8      | Noticed Prince Ribbit
  6237 | D:8      | Killed Prince Ribbit
  6309 | D:8      | Reached XP level 11. HP: 105/109 MP: 10/10
  6398 | D:8      | Got the Monograph on Allied Venin
  6681 | D:9      | Found a white marble altar of Elyvilon.
  6681 | D:9      | Found an ornate altar of the Wu Jian Council.
  6682 | D:9      | Found a burning altar of Makhleb.
  6684 | D:9      | Found a glowing silver altar of Zin.
  6690 | D:9      | Became a worshipper of the Wu Jian Council
  6743 | D:9      | Found a staircase to the Lair.
  6747 | D:9      | Noticed a death yak
  6747 | D:9      | Noticed a death yak
  6751 | D:9      | Noticed a death yak
  6752 | D:9      | Noticed a death yak
  6753 | D:9      | Noticed a death yak
  6756 | D:9      | Killed a death yak
  6758 | D:9      | Killed a death yak
  6762 | D:9      | Killed a death yak
  6765 | D:9      | Killed a death yak
  6766 | D:9      | Reached skill level 13 in Unarmed Combat
  6771 | D:9      | Killed a death yak
  6893 | D:9      | Noticed Gastronok
  6904 | D:9      | Killed Gastronok
  7566 | D:1      | Bought a glowing cloak for 217 gold pieces
  7739 | D:10     | Entered Level 10 of the Dungeon
  7839 | D:10     | Found a stormy altar of Qazlal.
  7902 | D:10     | Reached * piety under Wu Jian
  8034 | D:10     | Noticed a centaur warrior
  8042 | D:10     | Killed a centaur warrior
  8043 | D:10     | Reached skill level 14 in Unarmed Combat
  8043 | D:10     | Reached XP level 12. HP: 122/122 MP: 11/11
  8362 | D:11     | Found a staircase to the Orcish Mines.
  8715 | D:11     | Reached ** piety under Wu Jian
  8861 | D:11     | Reached skill level 10 in Shields
  9262 | D:12     | Noticed a two-headed ogre
  9266 | D:12     | Noticed a four-headed hydra
  9301 | D:12     | Killed a four-headed hydra
  9316 | D:12     | Reached skill level 15 in Unarmed Combat
  9323 | D:12     | Noticed a two-headed ogre
  9342 | D:12     | HP: 1/123 [two-headed ogre/+0 giant club (31)]
  9393 | D:12     | Found a frozen archway.
  9416 | IceCv    | Entered an ice cave
  9672 | IceCv    | Reached *** piety under Wu Jian
  9967 | IceCv    | Noticed a reaper
  9969 | IceCv    | Killed a reaper
 10082 | D:11     | Reached XP level 13. HP: 85/133 MP: 12/12
 10633 | D:13     | Reached skill level 10 in Fighting
 10633 | D:13     | Reached skill level 16 in Unarmed Combat
 10757 | Lair:1   | Entered Level 1 of the Lair of Beasts
 10948 | Lair:1   | Identified a scroll of acquirement
 10948 | Lair:1   | Acquired a manual of Shields
 11001 | Lair:1   | Reached **** piety under Wu Jian
 11533 | Lair:1   | You fall into a shaft and drop 1 floor!
 11735 | Lair:2   | Found a staircase to the Snake Pit.
 13060 | Lair:3   | Found a staircase to the Shoals.
 13060 | Lair:3   | Noticed Amaemon
 13061 | Lair:3   | Noticed Nessos
 13111 | Lair:3   | Killed Nessos
 13223 | Lair:3   | Killed Amaemon
 13850 | Lair:4   | Reached skill level 17 in Unarmed Combat
 13891 | Lair:4   | Reached XP level 14. HP: 144/144 MP: 13/13
 14234 | Lair:4   | Reached skill level 5 in Dodging
 14814 | Lair:5   | Entered Level 5 of the Lair of Beasts
 14967 | Lair:5   | Reached ***** piety under Wu Jian
 15240 | Lair:5   | Reached skill level 18 in Unarmed Combat
 15469 | Lair:5   | Found a staircase to the Slime Pits.
 16226 | Orc:1    | Entered Level 1 of the Orcish Mines
 16226 | Orc:1    | Noticed Urug
 16231 | Orc:1    | Killed Urug
 16387 | Orc:2    | Entered Level 2 of the Orcish Mines
 16388 | Orc:2    | Found a staircase to the Elven Halls.
 16392 | Orc:2    | Found Ziwnyla's Assorted Antiques.
 16405 | Orc:2    | Found a burning altar of Makhleb.
 16571 | Orc:2    | Bought a silvery potion for 27 gold pieces
 16571 | Orc:2    | Bought an iron wand for 120 gold pieces
 16571 | Orc:2    | Bought an inky potion for 27 gold pieces
 16621 | Orc:2    | Reached XP level 15. HP: 154/154 MP: 14/14
 16653 | Orc:2    | Found a radiant altar of Vehumet.
 16656 | Orc:2    | Paralysed by an orc sorcerer for 5 turns
 16663 | Orc:2    | Found Afegoam's Book Shoppe.
 16871 | Orc:2    | Noticed Nergalle
 16876 | Orc:2    | Killed Nergalle
 16877 | Orc:2    | Found an ancient bone altar of Kikubaaqudgha.
 16946 | Orc:2    | Found Sint's Magic Scroll Shoppe.
 16946 | Orc:2    | Found Zyehef's Antique Armour Emporium.
 16970 | Orc:2    | Gained mutation: You occasionally lose the ability to read
                  | scrolls when taking damage. [a neqoxec]
 16970 | Orc:2    | HP: 5/154 [something/bolt of magma (13)]
 16971 | Orc:2    | Gained mutation: Your body sometimes deteriorates upon
                  | taking damage. [a neqoxec]
 17413 | Orc:2    | Found Esmaid's Magic Scroll Emporium.
 17469 | Orc:2    | Bought a scroll of enchant armour for 90 gold pieces
 17469 | Orc:2    | Bought a scroll of blinking for 90 gold pieces
 17477 | Orc:2    | Bought an embroidered robe for 118 gold pieces
 17477 | Orc:2    | Bought a runed hat for 224 gold pieces
 17899 | D:13     | Found a gate to the Vaults.
 17947 | D:13     | Noticed Kirke
 17948 | D:13     | Reached skill level 19 in Unarmed Combat
 17950 | D:13     | Killed Kirke
 18957 | D:14     | Found a hazy altar of Hepliaklqana.
 19015 | D:14     | Identified the +6 scale mail of the Past {rElec rC+ Regen+
                  | MP+9}
 19710 | D:15     | Entered Level 15 of the Dungeon
 19823 | D:15     | Slain by a meliai

Illustrated notes

Levels and vault maps discovered:
D:1:      scummos_arrival_simple_crosswalls, layout_loops_ring, serial_shops,
          shop, shop, shapermc_ecumenical_altar_mp_highgroup, st_stairs_4,
          minmay_worlds_worst_comb
D:2:      layout_basic, st_stairs_6
D:3:      layout_rooms, kennysheep_okawaru_gauntlet
D:4:      layout_loops_ring, overflow_temple_1_default,
          minmay_temple_entry_waves
D:5:      layout_rooms, trog_three_pillars_becter, minmay_chambers_of_fives,
          uniq_ijyb, uniq_duvessa
D:6:      layout_layer_cave, fedhas_bush_and_centaur_altar, uniq_pikel,
          uniq_eustachio, uniq_grinder
D:7:      layout_rooms, chequers_arboretum, uniq_menkaure
D:8:      nzn_winding_woodlands_medium [nzn_winding_woodlands_5x5_cross,
          nzn_winding_woodlands_5x15_pockets, nzn_winding_woodlands_hourglass,
          nzn_winding_woodlands_5x5_closed_star,
          nzn_winding_woodlands_center_garden, nzn_winding_woodlands_5x5_three,
          nzn_winding_woodlands_5x5_open_star,
          nzn_winding_woodlands_5x15_garden,
          nzn_winding_woodlands_5x5_checkerboard], layout_loops_cross,
          enter_ossuary_1, jiyva_altar_1, uniq_erica, uniq_prince_ribbit1
D:9:      nicolae_cairo_tiling_large, layout_loops_cross,
          grunt_temple_overflow_open, dpeg_lair_monsters, uniq_gastronok
D:10:     layout_gridville, mainiacjoe_overflow_alcove_2
D:11:     layout_basic, erik_orc_4
D:12:     layout_cave_pools, portal_ice_cave_entry_ice_simulacra
D:13:     layout_rooms, hangedman_vaults_entry_quadrant_bands,
          gauntlet_entry_generic, uniq_kirke
D:14:     layout_irregular_city, nzn_hepliaklqana_mist_gate, worms_lemuel
D:15:     gammafunk_enter_depths_forms, layout_loops_ring
Temple:   cyrus_circular_temple
Lair:1:   layout_concentric_octagons, beast_lair_carwin_10, grunt_megastairs_5,
          infiniplex_staircase_pool_2
Lair:2:   layout_regular_city, minmay_snake_entry_guardpost_small,
          serial_bayou_pond_d, serial_bayou_pond_a
Lair:3:   layout_small_grid, minmay_shoals_entry_centaurs, serial_forest,
          infiniplex_forest_clump_double, infiniplex_forest_clump_double,
          infiniplex_forest_clump_cross, infiniplex_forest_clump_curved,
          infiniplex_forest_clump_diagonal, infiniplex_forest_end_2,
          lemuel_fruit_tree, infiniplex_staircase_pool, uniq_amaemon,
          uniq_nessos
Lair:4:   layout_gridlike, fungi_pond_lemuel
Lair:5:   gammafunk_lair_ancient_temple, layout_loops_ring, slime_entry_1,
          minivault_27
Orc:1:    layout_diamond_mine, mines2_david, uniq_urug
Orc:2:    kennysheep_orc_mage_school, layout_caves, basic_altar, serial_shops,
          nicolae_square_shop, mines2_david

Skill      XL: |  1  2  3  4  5  6  7  8  9 10 11 12 13 14 15 |
---------------+----------------------------------------------+-----
Shields        | 3 4 5 6 7 8 9 10 12 13 | 13.3
Unarmed Combat | 3 4 5 6 8 10 12 14 15 17 18 19 | 19.7
Fighting       | 3 4 5 6 7 8 9 10 11 12 | 12.3
Dodging        | 4 6 7 |  7.8

Action                   |  1- 3 |  4- 6 |  7- 9 | 10-12 | 13-15 || total
-------------------------+-------+-------+-------+-------+-------++-------
Melee: Unarmed           |   129 |   122 |   288 |   737 |  1274 ||  2550
 Fire: Sling             |       |     4 |       |    14 |    15 ||    33
Throw: Dart              |       |       |       |    10 |     3 ||    13
       Large rock        |       |       |       |     2 |       ||     2
       Throwing net      |       |       |       |       |     1 ||     1
Invok: Lunge             |       |       |       |    44 |   144 ||   188
       Whirlwind         |       |       |       |   121 |   462 ||   583
       Serpent's Lash    |       |       |       |     1 |    27 ||    28
       Heavenly Storm    |       |       |       |       |     2 ||     2
Evoke: Wand              |       |       |     1 |     3 |       ||     4
  Use: Potion            |       |     1 |       |     5 |     6 ||    12
       Scroll            |       |       |     5 |     6 |    27 ||    38
 Stab: Sleeping          |     2 |       |       |     4 |     8 ||    14
       Distracted        |       |       |       |     3 |     2 ||     5
Armor: Robe              |    33 |    22 |    65 |   147 |   221 ||   488
Dodge: Dodged            |    37 |    44 |   132 |   207 |   263 ||   683
Block: Kite shield       |    70 |    80 |   241 |   415 |   600 ||  1406
       Reflection        |     2 |     4 |     4 |    24 |    34 ||    68
